Wide, chaotic male elven Wizard ----------------------- --------------------------- ----------------- |.....|.......|.......| |.........|...|...........| |.......|.......| |.---.|...---.|.---.------|.---...|.|.|.|.-----.---.--- |.|.-----.|.----| |...|.|.....|.|...|.......|...|.*.|.|.|...|.......|...| |.|....%..|.....| |--.|.-----.|.---.|----...|.|.|--.|.|.|----.-----.|.-.| -----------------.| |...|...........|.|.......|.|.| |.|...|.........|.|...| |.........|.....|.| |.-.---------.--|.|.......|.|.--|.---.|---------|.|.----- |.-------.|.....-.| |.........|.....|.|.............|...|.|........[|...|...| |.|.|.....|*....|.| |.---.---.|...^.|.|.---*......-----.--|...[^....|.-----.|--.|.|.-----------.| |.|.....|.|..{..|.|...|.....d.| |.|...-..[.<....-.|.....|...|...|.......|...| |.---.|.|.|.....|.|^|.|..Z-.|.--|.----|[........|.|.---.|.---.-------.|.|.|.| |.....|.|.|.....|.|.|...@...|.d.|.....|.........|...| |...|..[........|...|.| ------|.|.|--.--|.|.---...--|.---.---------------------...|.---------------.| --|..|.|.|...|.|.........| |.........%.|...........|....[..|.| |.....| |...| |.-..|.|.|.|.|.---.-.----- ---.-----.---.-------.|.|.|...---.| ---.-.---.--- |-|..|.|.|.|.....|...| |...|...|...|.......|..%|...|...| |.......| |^-..|.|.|.---.|.|.--- |...|.---.--|.-----...{%---.---.| --------- --|....|.......|...| |...|.....| |...................| ------------------ ----------- --------------------- Wide the Thaumaturge Experience level: 9 Strength: 16 Dexterity: 15 Constitution: 16 Intelligence: 15 Wisdom: 12 Charisma: 12 Health: 0(82) Energy: 72(93) Def: 12 Gold: 0 Moves: 15798 Dungeon seed: dJRfmiZr8M-XHtNz Game ID: Wide_1675255785 Your Inventory: Amulets o - an uncursed amulet of ESP (being worn) Weapons d - an uncursed +1 thirsty quarterstaff (weapon in hands) r - a blessed +0 dagger of hunger G - an uncursed +0 dagger of lightning Armor z - an uncursed +0 pair of speed boots (being worn) L - an uncursed +0 cloak of magic resistance (being worn) M - an uncursed +0 dwarvish iron helm (being worn) Y - an uncursed +0 dwarvish mithril-coat (being worn) Comestibles a - an uncursed lizard corpse Rings v - an uncursed ring of teleport control A - an uncursed ring of shock immunity B - an uncursed ring of poison immunity D - an uncursed ring of slow digestion (on left hand) Wands j - an uncursed wand of cold (0:5) m - an uncursed wand of striking (0:4) y - an uncursed wand of striking (0:1) H - an uncursed wand of sleep (0:5) P - an uncursed wand of undead turning (0:6) Tools b - an uncursed bag of holding g - an uncursed mirror i - an uncursed wooden harp k - an uncursed skeleton key l - an uncursed brass lantern (0:0) s - an uncursed stethoscope u - an uncursed +0 unicorn horn w - an uncursed tin whistle T - an uncursed towel Gems q - an uncursed luckstone Contents of the bag of holding: 11 blessed +0 darts an uncursed +0 dart a cursed -1 dart a cursed poisoned -1 dart an uncursed apple an uncursed clove of garlic 8 uncursed food rations 4 uncursed lichen corpses 2 uncursed mangos an uncursed melon an uncursed pancake an uncursed tin of goblin meat an uncursed tin of iguana meat an uncursed tripe ration a blessed scroll of confuse monster an uncursed scroll of enchant armor an uncursed scroll of enchant weapon an uncursed scroll of light an uncursed scroll of summoning an uncursed spellbook of blank paper an uncursed spellbook of magic missile 3 uncursed potions of extra healing a cursed potion of healing 2 uncursed potions of object detection a cursed -1 ring of increase damage an uncursed ring of slow digestion an uncursed +0 pick-axe 3 blessed tallow candles (0:200) 22 uncursed tallow candles (0:200) 6 cursed tallow candles (0:200) an uncursed tinning kit (0:86) 2 cursed wax candles (0:400) 2 uncursed amethyst stones an uncursed diamond 3 uncursed emeralds an uncursed fluorite stone an uncursed opal 2 uncursed rubies 2 uncursed worthless pieces of blue glass an uncursed worthless piece of orange glass an uncursed worthless piece of red glass an uncursed worthless piece of yellowish brown glass Spells and supernatural/magical abilities: Name Level Category Cost Memory a - force bolt 1 attack 5pw 74% h - healing 1 healing 12pw 74% i - invisibility 4 escape 80pw 93% m - magic missile 2 attack 13pw 74% u - confuse monster 2 enchantment 16pw 74% H - speed monster 3 escape 37pw 100% L - levitation 4 escape 80pw 100% W - pray for help -- divine ? -- Your skills at the end: Fighting Skills wands [Basic] Weapon Skills quarterstaff [Expert] Spellcasting Skills attack spells [Expert] enchantment spells [Basic] Final Attributes: You were piously aligned. You were fire resistant. You were cold resistant. You were immune to sleep. You were shock resistant. You were poison resistant. You were magic resistant. You saw invisible. You were strongly telepathic. You had infravision. You had slower digestion. You were protected. You were very fast. You were lucky. You had extra luck. Bad luck did not time out for you. Good luck did not time out for you. Anhur was noncommittal. You are dead. Vanquished creatures: 2 Olog-hai 2 black puddings 2 vampires 2 giant mimics a zruty 3 large mimics a giant zombie a small mimic an ettin mummy 2 sasquatches a freezing sphere 4 flaming spheres 2 shocking spheres a dwarf king 2 tengu 2 leocrottas 2 human mummies 5 ettin zombies a watchman 3 incubi 2 crocodiles 2 wolves a lynx 2 spotted jellies 28 leprechauns 2 iron piercers 6 giant spiders 2 scorpions a black light 2 vampire bats 3 gnome kings an orc mummy an ogre a rust monster an owlbear a yeti 3 gold golems a werewolf a lizard a dingo 2 housecats a jaguar 2 blue jellies a white unicorn a dust vortex a plains centaur 3 gnome mummies a snake 3 apes 2 human zombies 3 fire ants an imp 3 wood nymphs a water nymph 2 mountain nymphs 11 Mordor orcs 11 Uruk-hai an orc shaman 4 rock piercers 2 rock moles a fog cloud a yellow light 2 shriekers a violet fungus 12 gnome lords 6 gnomish wizards 6 kobold mummies a red naga hatchling a guardian naga hatchling 3 gray oozes a barrow wight 7 elf zombies a straw golem a paper golem 6 giant ants 2 little dogs 8 floating eyes a kitten 17 dwarves a kobold lord 2 kobold shamans 25 hill orcs 8 rothes 2 rabid rats 4 centipedes 5 giant bats 6 monkeys 8 dwarf zombies 3 wererats 2 werejackals 5 iguanas 9 killer bees 4 acid blobs 11 coyotes a gas spore 7 hobbits 21 manes 3 large kobolds 2 giant rats 6 cave spiders 5 brown molds a green mold 3 red molds 64 gnomes 2 garter snakes 6 gnome zombies 3 geckos 23 jackals 7 foxes 2 kobolds 4 goblins 10 sewer rats 14 grid bugs 8 bats 7 lichens 2 kobold zombies 20 newts 552 creatures vanquished. Voluntary challenges: You had been an atheist until turn 9228. You used a wielded weapon 339 times, starting on turn 61. You read items or engraved 55 times, starting on turn 2108. You never genocided any monsters. You never polymorphed an object. You never changed form. You used no wishes. You never split a pudding. You wrote Elbereth's name 15 times, starting on turn 2108. You never violated your personal moral code. Dungeon overview: The Dungeons of Doom: levels 1 to 9 Level 1 a vault a long staircase Level 2 a weapon shop, a fountain Level 3 a potion shop, a fountain stairs to The Gnomish Mines Level 4 Level 5 many fountains Level 6 a fountain, a vault stairs to Sokoban Level 7 Level 8 a fountain, some sinks, a vault Level 9 The Gnomish Mines: levels 4 to 12 Level 4 stairs to The Dungeons of Doom Level 5 Level 6 Level 7 some shops, a temple to Thoth, some fountains, a sink Level 8 Level 9 Level 10 Level 11 Level 12 <- You were here some fountains Sokoban: levels 2 to 5 Level 2 Solved Level 3 Solved Level 4 Solved Level 5 Solved stairs to The Dungeons of Doom History has recorded: On T:1 you entered the Dungeons of Doom to retrieve the Amulet of Yendor! On T:211 you reached level 2 of The Dungeons of Doom. On T:735 you advanced to experience level 2. On T:1011 you reached level 3 of The Dungeons of Doom. On T:1054 you reached level 4 of The Dungeons of Doom. On T:1503 you advanced to experience level 3. On T:1745 you reached level 5 of The Dungeons of Doom. On T:1873 you advanced to experience level 4. On T:2028 you reached level 6 of The Dungeons of Doom. On T:2581 you reached level 7 of The Dungeons of Doom. On T:2691 you reached level 4 of Sokoban. On T:3123 you reached level 3 of Sokoban. On T:3395 you advanced to experience level 5. On T:3811 you reached level 2 of Sokoban. On T:4351 you reached level 1 of Sokoban. On T:5662 you advanced to experience level 6. On T:6183 you reached level 8 of The Dungeons of Doom. On T:6610 you advanced to experience level 7. On T:6840 you reached level 9 of The Dungeons of Doom. On T:8247 you reached level 1 of The Gnomish Mines. On T:8383 you reached level 2 of The Gnomish Mines. On T:8750 you reached level 3 of The Gnomish Mines. On T:9070 you reached level 4 of The Gnomish Mines. On T:9166 you advanced to experience level 8. On T:11189 you reached level 5 of The Gnomish Mines. On T:11519 you reached level 6 of The Gnomish Mines. On T:12602 you reached level 7 of The Gnomish Mines. On T:12670 you advanced to experience level 9. On T:14100 you reached level 8 of The Gnomish Mines. On T:14559 you reached level 9 of The Gnomish Mines. Score breakdown: Gold: 0 ( 0 points) Experience: 9 levels (15756 points) Exploration: 12 levels ( 24.00%) (14214 points) Discoveries: 33 items ( 11.50%) (10172 points) Valuables value: (no points given unless you survive) Artifact value: 0 ( 0 points) Variety of kills: 117 monsters ( 30.79%) (16646 points) Turncount: 15798 turns (-3054 points) Survival: died (score multiplied by 80%) Total score: 42987 Latest messages: You stop travelling. The thirsty quarterstaff draws the life from the flaming sphere! The flaming sphere suddenly seems weaker! The thirsty quarterstaff draws the life from the flaming sphere! The flaming sphere suddenly seems weaker! The flaming sphere explodes! You duck some of the blast. You resist! The thirsty quarterstaff draws the life from the dust vortex! The dust vortex suddenly seems weaker! The thirsty quarterstaff draws the life from the dust vortex! The dust vortex suddenly seems weaker! You destroy the dust vortex! You hit the giant zombie! (2x) The giant zombie hits! You attain a minor zombification disease. You hit the giant zombie! (2x) The giant zombie hits! Your zombification disease builds up. You hit the giant zombie! The giant zombie hits! Your zombification disease builds up. You hit the giant zombie! The giant zombie hits! Your zombification disease builds up. You die... Final status: Goodbye Wide the Wizard, killed by a giant zombie... You died in The Gnomish Mines on dungeon level 12 with 42987 points, and 0 pieces of gold, after 15798 moves. You were level 9 with a maximum of 82 hit points when you died.